 Dungeon Crawl Stone Soup version 0.27-b1-42-g19c61b19a5 (webtiles) character file.

Game seed: 1708817213327408927

1806 Sin92 the Skirmisher (level 8, -4/94 HPs)
             Began as a Demonspawn Fighter on July 29, 2021.
             Was a Believer of Okawaru.
             Slain by a two-headed ogre (28 damage)
             ... on level 8 of the Dungeon.
             The game lasted 00:08:51 (6300 turns).

Sin92 the Skirmisher (Demonspawn Fighter)           Turns: 6300, Time: 00:08:53

Health: -4/94      AC: 16    Str: 18    XL:     8   Next: 84%
Magic:  11/11      EV:  6    Int:  9    God:    Okawaru [**....]
Gold:   295        SH: 10    Dex: 14    Spells: 7/7 levels left

rFire    . . .     SeeInvis +   f - +5 hand axe
rCold    . . .     Faith    .   c - +0 kite shield
rNeg     . . .     Spirit   .   k - +1 chain mail
rPois    .         Reflect  .   (helmet restricted)
rElec    .         Harm     .   r - +0 cloak
rCorr    .         Rampage  .   (no gloves)
Will     .....                  (no boots)
Stlth    ..........             (no amulet)
HPRegen  2.25/turn              i - +4 ring of protection
MPRegen  0.12/turn              m - ring of see invisible

@: mighty, berserking, very quick
A: antennae 1, claws 2, hooves 1, powered by death 2, powered by pain 1
a: Renounce Religion, Heroism


You were on level 8 of the Dungeon.
You worshipped Okawaru.
Okawaru was pleased with you.
You visited 2 branches of the dungeon, and saw 9 of its levels.

You collected 295 gold pieces.

Inventory:

Hand Weapons
 a - a +1 flail
 f - a +5 hand axe (weapon)
Armour
 b - a +0 scale mail
 c - a +0 kite shield (worn)
 k - a +1 chain mail (worn)
 r - a +0 cloak (worn)
Jewellery
 i - a +4 ring of protection (left claw)
 m - a ring of see invisible (right claw)
Wands
 n - a wand of flame (28)
Scrolls
 e - 2 scrolls of teleportation
 g - 2 scrolls of amnesia
 j - 2 scrolls of identify
 s - a scroll of fog
Potions
 d - 3 potions of ambrosia {unknown}
 h - a potion of attraction
 l - 3 potions of degeneration
 o - a potion of brilliance {unknown}
 p - 3 potions of berserk rage
 q - a potion of flight {unknown}


   Skills:
 + Level 5.4 Fighting
 * Level 2.4(4.1) Axes
 + Level 5.0(5.3) Maces & Flails
 + Level 4.9 Armour
 + Level 3.8 Dodging
 + Level 4.8 Shields
 + Level 4.4 Invocations


You had 7 spell levels left.
You didn't know any spells.
Your spell library contained the following spells:

 Spells                   Type           Power      Damage    Failure   Level
 Apportation              Tloc           0%         N/A       100%        1
 Shock                    Conj/Air       0%         1d3       100%        1
 Blink                    Tloc           N/A        N/A       100%        2
 Summon Guardian Golem    Hex/Summ       0%         N/A       100%        3
 Swiftness                Air            0%         N/A       100%        3
 Airstrike                Air            0%         N/A       100%        4
 Animate Dead             Necr           0%         N/A       100%        4
 Hailstorm                Conj/Ice       0%         3d3       100%        4
 Ice Form                 Ice/Tmut       0%         N/A       100%        4
 Alistair's Intoxication  Tmut/Pois      0%         N/A       100%        5
 Manifold Assault         Tloc           0%         N/A       100%        5
 Invisibility             Hex            0%         N/A       100%        6
 Simulacrum               Ice/Necr       0%         N/A       100%        6
 Haunt                    Necr/Summ      0%         N/A       100%        7
 Orb of Destruction       Conj           0%         N/A       100%        7
 Spellforged Servitor     Conj/Summ      0%         N/A       100%        7
 Storm Form               Tmut/Air       0%         N/A       100%        7
 Infestation              Necr           0%         N/A       100%        8


Dungeon Overview and Level Annotations

Branches:
Dungeon (8/15)             Temple (1/1) D:4
   Lair: D:8-11

Altars:
Dithmenos
Gozag
Kikubaaqudgha
Makhleb
Okawaru
Qazlal
Ru
Sif Muna
Trog
Uskayaw
Vehumet
Wu Jian
Xom
Yredelemnul
The Shining One
Beogh

Shops:
D:1 !   D:3 =


Innate Abilities, Weirdness & Mutations

You have a pair of small antennae on your head.
You have very sharp fingernails.
You have large cloven feet.
You regenerate health from kills.
You sometimes gain a little power by taking damage.


Message History

The two-headed ogre hits you but does no damage.
The two-headed ogre hits you with a +0 giant spiked club!!
* * * LOW HITPOINT WARNING * * *
You focus on the pain.
You feel very mighty all of a sudden.
The centaur unwields a +1 shortbow of freezing.
You block the centaur's attack.
The centaur kicks you but does no damage.
You are too injured to fight recklessly!
Unknown command.
You are too injured to fight recklessly!
You are too injured to fight recklessly!
Unknown command.
You are too injured to fight recklessly!
Unknown command.
A red film seems to cover your vision as you go berserk!
You feel yourself moving faster!
You feel mighty!
You block the centaur's attack. x2; The two-headed ogre barely misses you.
The two-headed ogre hits you but does no damage.
You slash the two-headed ogre! You kick the two-headed ogre.
The two-headed ogre is moderately wounded.
You slash the centaur!
The centaur hits you but does no damage.
The centaur kicks you but does no damage.
You completely miss the two-headed ogre.
Your kick misses the two-headed ogre.
The two-headed ogre is moderately wounded.
You hit the centaur.
The centaur hits you but does no damage.
You block the centaur's attack. You block the two-headed ogre's attack.
The two-headed ogre barely misses you.
The centaur hits you but does no damage.
The centaur kicks you but does no damage.
You slice the two-headed ogre!! You kick the two-headed ogre.
The two-headed ogre is severely wounded.
You hit the centaur.
You kill the centaur!
Okawaru accepts your kill.
The two-headed ogre hits you with a +0 giant club!!
You die...

#####
....###
.......
####.......
#.......#
#.#.....#
#.#.O...#
#.#@)...#
#.#†#+###
#.#.# #.#.#
#.#.# #<#.#
###.# ..#


You could see a two-headed ogre.

Vanquished Creatures
  Maggie (D:7)
  A wraith (D:5)
  An ice beast (D:5)
  A sky beast (D:7)
  2 ogres
  2 centaurs
  A kobold brigand (D:6)
  2 phantoms
  A scorpion (D:5)
  A wyvern zombie (D:7)
  2 howler monkeys (D:8)
  3 wights (D:6)
  A centaur zombie (D:6)
  An orc priest (D:5)
  A bullfrog skeleton (D:5)
  A centaur skeleton (D:4)
  A jelly (D:5)
  An iguana (D:5)
  Terence (D:3)
  A killer bee zombie (D:7)
  7 adders
  A howler monkey skeleton (D:7)
  A shadow imp (D:7)
  2 ufetubi (D:5)
  4 dart slugs
  2 worms
  3 orcs
  4 bats
  3 endoplasms
  2 giant cockroaches
  4 goblins
  3 hobgoblins
  20 jackals
  12 kobolds
  4 quokkas
  6 ball pythons
  A frilled lizard (D:3)
  3 rats (D:1)
108 creatures vanquished.

Vanquished Creatures (others)
  A plant (D:4)
1 creature vanquished.

Grand Total: 109 creatures vanquished

Notes
Turn   | Place    | Note
-------+----------+-------------------------------------------
     0 | D:1      | Sin92 the Demonspawn Fighter began the quest for the Orb.
     0 | D:1      | Reached XP level 1. HP: 18/18 MP: 1/1
   335 | D:1      | Gained mutation: You have large cloven feet. [demonic
                  | ancestry]
   335 | D:1      | Reached XP level 2. HP: 24/24 MP: 2/2
   742 | D:1      | Found Larastrass's Distillery.
  1074 | D:2      | Gained mutation: You regenerate a little health from kills.
                  | [demonic ancestry]
  1074 | D:2      | Reached XP level 3. HP: 17/29 MP: 3/3
  1078 | D:2      | Reached skill level 1 in Dodging
  1348 | D:2      | Found a faded altar of an unknown god.
  2250 | D:3      | Noticed Terence
  2268 | D:3      | Killed Terence
  2269 | D:3      | Gained mutation: You regenerate health from kills. [demonic
                  | ancestry]
  2269 | D:3      | Reached XP level 4. HP: 18/35 MP: 4/4
  2482 | D:3      | Found Jedwa's Jewellery Shoppe.
  3054 | D:4      | Gained mutation: You have sharp fingernails. [demonic
                  | ancestry]
  3054 | D:4      | Reached XP level 5. HP: 37/42 MP: 5/5
  3107 | D:4      | Noticed an ogre
  3114 | D:4      | Killed an ogre
  3257 | D:4      | Found a staircase to the Ecumenical Temple.
  3340 | Temple   | Entered the Ecumenical Temple
  3372 | Temple   | Became a worshipper of Warmaster Okawaru
  3516 | D:4      | Found an opulent altar of Gozag.
  3779 | D:5      | Entered Level 5 of the Dungeon
  3933 | D:5      | Noticed an ogre
  3939 | D:5      | Killed an ogre
  3940 | D:5      | Gained mutation: You sometimes gain a little power by
                  | taking damage. [demonic ancestry]
  3940 | D:5      | Reached XP level 6. HP: 36/48 MP: 6/6
  4059 | D:5      | Reached skill level 1 in Invocations
  4289 | D:5      | Gained mutation: You have a pair of small antennae on your
                  | head. [demonic ancestry]
  4289 | D:5      | Reached XP level 7. HP: 50/55 MP: 8/8
  4314 | D:5      | Noticed a wraith
  4335 | D:5      | HP: 2/55 [wraith (6)]
  4339 | D:5      | Killed a wraith
  4339 | D:5      | Reached * piety under Okawaru
  5131 | D:6      | Reached ** piety under Okawaru
  5176 | D:6      | Gained mutation: You have very sharp fingernails. [demonic
                  | ancestry]
  5176 | D:6      | Reached XP level 8. HP: 58/61 MP: 10/10
  5471 | D:6      | Reached skill level 5 in Fighting
  5743 | D:7      | Reached skill level 1 in Axes
  5829 | D:7      | Noticed Maggie
  5855 | D:7      | Killed Maggie
  6181 | D:7      | Reached skill level 5 in Maces & Flails
  6288 | D:8      | Noticed a two-headed ogre
  6300 | D:8      | Slain by a two-headed ogre

Illustrated notes

Levels and vault maps discovered:
D:1:      sevenhm_arrival_forest_fort_large_4, layout_loops_cross, serial_shops,
          shop
D:2:      layout_loops_ring, hellmonk_ecumenical_altar_defaced_shrine,
          roderic_malta_cross
D:3:      layout_rooms, serial_shops, nicolae_square_shop, minmay_crystal_room,
          uniq_terence
D:4:      layout_gridville, nicolae_gozag_seed_capital,
          minmay_temple_entry_gardened_gates
D:5:      layout_loops_ring, serial_park_tiny_1, hangedman_decor_growths
D:6:      layout_basic
D:7:      layout_gridville, uniq_maggie
D:8:      layout_basic, bh_walls_and_bars, uniq_psyche
Temple:   compressed_dpeg_circular_temple

Skill      XL: |  1  2  3  4  5  6  7  8 |
---------------+-------------------------+-----
Maces & Flails | 2 3 4 5 |  5.0
Armour         | 3 4 |  4.9
Dodging        | 1 2 3 |  3.8
Shields        | 3 4 |  4.8
Fighting       | 4 5 |  5.4
Invocations    | 1 3 4 |  4.4
Axes           | 2 |  2.4

Action                   |  1- 3 |  4- 6 |  7- 9 || total
-------------------------+-------+-------+-------++-------
Melee: Flail             |   144 |   116 |   109 ||   369
       Kick              |    27 |    39 |    55 ||   121
       Hand axe          |       |       |    67 ||    67
Invok: Heroism           |       |       |     2 ||     2
  Use: Potion            |     2 |     1 |     4 ||     7
       Scroll            |     5 |     3 |     5 ||    13
Armor: Scale mail        |   105 |    70 |       ||   175
       Chain mail        |       |    24 |   114 ||   138
Dodge: Dodged            |    95 |    49 |    54 ||   198
Block: Kite shield       |   102 |    85 |   114 ||   301
